Map: Abyssal Reef LE

Players

Kelazhur

  • Race: Terran Terran
  • Spawn Location: 11:00

iaguz - Winner!

  • Race: Terran Terran
  • Spawn Location: 5:00

Event: WCS Valencia 2017

VOD

Have the link to the VOD?

Description

Time

  • Played on: July 13, 2017, 1:37 p.m.
  • Length: 8:47

All games in this series

Show
View Real Time Build Order
Export as new Build Order

Kelazhur Terran 

Build Orders:  

Get SALT Encoding   

  12  0:01  SCV  
  13  0:14  Supply Depot  
  13  0:18  SCV  
  14  0:36  Barracks  
  14  0:41  Refinery  
  14  0:57  Barracks  
  14  0:59  SCV  
  15  1:12  SCV, Refinery  
  16  1:24  Reaper  
  17  1:34  Orbital Command  
  17  1:44  Reaper  
  18  1:56  Reaper  
  19  2:01  SCV  
  20  2:10  Factory  
  20  2:16  Reaper  
  20  2:18  SCV  
  22  2:26  Supply Depot  
  22  2:43  Reaper  
  22  2:47  SCV  
  22  2:48  Reaper  
  23  2:59  SCV  
  23  3:02  Cyclone  
  27  3:07  Supply Depot  
  27  3:11  SCV  
  28  3:15  Reaper  
  29  3:23  SCV  
  29  3:24  Reaper  
  31  3:31  Starport  
  31  3:35  SCV  
  30  3:47  SCV  
  30  3:48  Cyclone  
  34  3:59  SCV  
  35  4:04  Supply Depot  
  35  4:09  Viking  
  37  4:11  SCV  
  38  4:24  SCV  
  39  4:30  Factory  
  36  4:36  SCV  
  37  4:39  Viking  
  39  4:48  SCV  
  40  5:00  SCV  
  38  5:12  SCV  
  37  5:22  Command Center  
  37  5:24  SCV  
  37  5:27  Viking  
  40  5:36  SCV  
  40  5:41  Cyclone  
  42  5:52  Barracks Tech Lab  
  42  5:55  SCV  
  42  5:56  Barracks  
  43  5:57  Barracks  
  43  6:03  Starport Reactor  
  43  6:07  SCV  
  43  6:08  Supply Depot  
  44  6:14  Cyclone  
  47  6:28  Marine  
  46  6:45  Marine x2  
  46  6:46  SCV, Marine  
  47  6:49  Cyclone  
  45  6:59  Orbital Command  
  34  7:02  SCV  
  34  7:06  Barracks Tech Lab  
  32  7:14  SCV  
  33  7:16  Marine x3  
  33  7:17  Orbital Command  
  33  7:18  Medivac  
  38  7:28  Marine  
  39  7:32  SCV  
  39  7:34  Marine x2  
  41  7:44  SCV  
  41  7:45  SCV  
  42  7:56  SCV  
  42  7:57  SCV  
  42  8:02  Engineering Bay  
  42  8:03  Marine x2  
  43  8:07  Marine  
  43  8:08  SCV  
  43  8:09  SCV  
  36  8:21  SCV x2  
  36  8:30  Missile Turret  
  36  8:33  SCV  
  36  8:34  SCV  
Show
View Real Time Build Order
Export as new Build Order

iaguz Terran - Winner!

Build Orders:  

Get SALT Encoding   

  12  0:01  SCV  
  13  0:13  SCV  
  14  0:17  Supply Depot  
  14  0:25  SCV  
  15  0:29  Refinery  
  15  0:39  SCV  
  16  0:44  Barracks  
  16  0:51  SCV  
  16  0:56  Refinery  
  17  1:03  SCV  
  18  1:15  SCV  
  19  1:32  Orbital Command, Reaper  
  20  1:35  Factory  
  20  1:44  Supply Depot  
  20  1:57  SCV  
  21  2:04  Reaper  
  22  2:09  SCV  
  23  2:21  Hellion  
  25  2:23  SCV  
  25  2:26  Supply Depot  
  23  2:37  Reaper  
  23  2:38  SCV  
  24  2:45  Hellion  
  24  2:55  Starport  
  24  3:00  SCV  
  25  3:09  Cyclone  
  25  3:11  Barracks Reactor  
  29  3:12  SCV  
  29  3:18  Supply Depot  
  29  3:24  SCV  
  30  3:34  Medivac  
  32  3:37  SCV  
  33  3:47  Cyclone  
  36  3:49  SCV  
  37  3:55  Supply Depot  
  37  3:57  Marine  
  37  4:00  Marine  
  37  4:01  SCV  
  40  4:12  Starport Tech Lab  
  40  4:17  Marine  
  37  4:23  SCV  
  36  4:30  Marine  
  35  4:35  SCV  
  35  4:45  Raven  
  35  4:47  SCV  
  35  4:52  Marine x2  
  39  4:59  SCV  
  38  5:07  Cyclone  
  40  5:10  Marine x2  
  40  5:11  SCV  
  41  5:23  SCV  
  41  5:27  Marine x2  
  42  5:45  Marine, SCV  
  44  5:51  Command Center  
  44  5:53  Cyclone  
  44  5:57  Cloaking Field  
  47  5:58  SCV  
  47  6:01  Banshee  
  51  6:05  Marine  
  51  6:09  Marine  
  51  6:10  SCV  
  54  6:15  Supply Depot  
  53  6:22  SCV  
  53  6:23  Marine  
  51  6:34  SCV  
  52  6:40  Marine  
  52  6:41  Marine, Factory Tech Lab  
  52  6:45  Banshee  
  52  6:46  SCV  
  56  6:58  SCV  
  53  7:02  Barracks  
  53  7:03  Barracks  
  53  7:06  Marine x2  
  49  7:10  Siege Tank, SCV  
  53  7:22  SCV  
  54  7:27  Marine x2  
  56  7:34  SCV  
  56  7:35  Orbital Command  
  57  7:37  Starport Reactor  
  57  7:46  Siege Tank, Marine x2, SCV  
  63  7:53  Barracks Tech Lab  
  63  7:58  SCV  
  63  8:02  Marine  
  63  8:04  Marine x2  
  63  8:05  SCV  
  68  8:11  SCV  
  69  8:13  Marine  
  69  8:17  SCV  
  67  8:27  SCV  
  67  8:29  SCV  
Tags
 
Add a new tag
Caveats
  • Supply blocks, unpowered buildings, or Contaminate may cause inaccurate times.
  • Supply counts are checked every 10 seconds.